 Dungeon Crawl Stone Soup version 0.26.1-11-gd32895ea62 (webtiles) character file.

Game seed: 16491793628598590046

53 H0rd4k the Insei (level 3, 0/23 HPs)
             Began as an Octopode Transmuter on May 6, 2021.
             Slain by an orc (5 damage)
             ... on level 3 of the Dungeon.
             The game lasted 00:01:36 (1653 turns).

H0rd4k the Insei (Octopode Transmuter)              Turns: 1653, Time: 00:01:36

Health: 0/23       AC:  1    Str:  9    XL:     3   Next: 87%
Magic:  6/6        EV: 14    Int: 16    God:
Gold:   49         SH:  0    Dex: 12    Spells: 2/6 levels left

rFire    . . .     SeeInvis .     - Unarmed
rCold    . . .     Faith    .   (no shield)
rNeg     . . .     Spirit   .   (helmet restricted)
rPois    .         Reflect  .   (no amulet)
rElec    .         Harm     .   (no ring)
rCorr    .         Rampage  .   (no ring)
Will     .....                  (no ring)
Stlth    ++........             (no ring)
HPRegen  0.07/turn              (no ring)
MPRegen  0.10/turn              (no ring)
                                (no ring)
                                (no ring)

@: no status effects
A: almost no armour, stealthy swim, amphibious, 8 rings, constrict 8, camouflage
1, gelatinous body 1
a: no special abilities


You were on level 3 of the Dungeon.
You visited 1 branch of the dungeon, and saw 3 of its levels.

You collected 49 gold pieces.

Inventory:

Scrolls
 a - a scroll of noise {unknown}
 b - 2 scrolls of identify {unknown}
 c - a scroll of amnesia {unknown}
 d - a scroll of enchant armour {unknown}
 e - a scroll of enchant weapon {unknown}
 f - 2 scrolls of fear {unknown}
Potions
 g - a potion of berserk rage {unknown}
 h - a potion of attraction {unknown}


   Skills:
 + Level 1.0 Fighting
 + Level 2.7 Dodging
 - Level 0.4 Stealth
 + Level 3.7 Unarmed Combat
 * Level 2.2 Spellcasting
 * Level 2.3 Transmutations
 * Level 0.5 Poison Magic


You had 2 spell levels left.
You knew the following spells:

 Your Spells              Type           Power        Failure   Level
a - Beastly Appendage     Tmut           18%          8%          1
b - Spider Form           Tmut/Pois      3%           34%         3

Your spell library contained the following spells:

 Spells                   Type           Power        Failure   Level
 Wereblood                Tmut           9%           12%         2
 Ice Form                 Ice/Tmut       5%           77%         4
 Blade Hands              Tmut           4%           91%         5


Dungeon Overview and Level Annotations

Branches:
Dungeon (3/15)

Altars:

Annotations:
D:2 1 runed translucent door, exclusion: adder, Crazy Yiuf


Innate Abilities, Weirdness & Mutations

You cannot wear most types of armour.
You are very stealthy in the water. (Stealth+)
You are amphibious.
You can wear up to eight rings at the same time.
You can use your tentacles to constrict eight enemies at once.
Your skin changes colour to match your surroundings (Stealth+).
Your rubbery body absorbs attacks. (AC +1, EV +1)


Message History

The goblin hits you.
* * * LOW HITPOINT WARNING * * *
The goblin closely misses you. The goblin hits you.
* * * LOW HITPOINT WARNING * * *
The goblin hits you.
* * * LOW HITPOINT WARNING * * *
You see here a cursed +0 club.
The goblin misses you. The goblin misses you.
There is a stone staircase leading down here.
The goblin barely misses you.
You climb downwards. 2 orcs and an orc wizard come into view.
Found 14 gold pieces.
Found a stone staircase leading down.
There is a stone staircase leading up here.
The orc barely misses you.
The orc wizard shouts!
The orc hits you.
You die...

..## #...##
#.... #
#...####.#
##...#.....
###....o.....
#.....$......
#g.o.o.....
##.@.#...
##.## #...
#.### #.# #.#
#.. ###


You could see an orc wizard, 2 orcs and a goblin.

Vanquished Creatures
  2 gnolls
  2 leopard geckos (D:2)
  4 giant cockroaches
  10 hobgoblins
  A quokka (D:2)
  2 ball pythons
  A bat (D:2)
  4 frilled lizards (D:1)
  A kobold (D:1)
  4 rats
31 creatures vanquished.

Notes
Turn   | Place    | Note
-------+----------+-------------------------------------------
     0 | D:1      | H0rd4k the Octopode Transmuter began the quest for the Orb.
     0 | D:1      | Reached XP level 1. HP: 13/13 MP: 3/3
   336 | D:1      | Reached XP level 2. HP: 4/18 MP: 5/5
   867 | D:1      | Reached XP level 3. HP: 21/23 MP: 6/6
   871 | D:1      | Learned a level 3 spell: Spider Form
  1366 | D:2      | Found a runed translucent door.
  1367 | D:2      | Noticed Crazy Yiuf
  1653 | D:3      | Slain by an orc

Illustrated notes

Levels and vault maps discovered:
D:1:      scummos_arrival_star, layout_basic
D:2:      layout_rooms, uniq_crazy_yiuf_cottage
D:3:      layout_loops_ring, fedhas_altar_3, nicolae_qazlal_style_of_elements,
          minmay_unequal, uniq_terence, uniq_grinder, uniq_ijyb, uniq_sigmund

Action                   || total
-------------------------++-------
Melee: Unarmed           ||    79
       Constrict         ||    21
       Tentacles         ||    10
       Punch             ||     2
 Stab: Sleeping          ||     2
Armor: Skin              ||     1
Dodge: Dodged            ||    49
